 Dungeon Crawl Stone Soup version 0.23-a0-143-g1adec7b (webtiles) character file.

294 Amnesiac the Chiller (level 6, 0/41 HPs)
             Began as a Mummy Ice Elementalist on Sept 2, 2018.
             Slain by Menkaure (14 damage)
             ... on level 4 of the Dungeon.
             The game lasted 00:04:52 (2153 turns).

Amnesiac the Chiller (Mummy Ice Elementalist)       Turns: 2153, Time: 00:04:53

Health: 0/41       AC:  5    Str: 11    XL:     6   Next: 11%
Magic:  13/13      EV: 10    Int: 16    God:
Gold:   93         SH:  0    Dex: 13    Spells: 6/14 levels left

rFire    x . .     SeeInvis +   a - +3 flail (protect)
rCold    + . .     Gourm    .   (no shield)
rNeg     + + +     Faith    .   d - +0 ring mail
rPois    ∞         Spirit   .   (no helmet)
rElec    .         Reflect  .   (no cloak)
rCorr    .         Harm     .   (no gloves)
MR       .....                  (no boots)
Stlth    +.........             (no amulet)
HPRegen  0.13/turn              e - ring of see invisible
MPRegen  0.13/turn              (no ring)

@: about to teleport
A: no food or potions, fire vulnerability, cold resistance 1, negative energy
resistance 3, torment resistance, unbreathing
a: no special abilities


You were on level 4 of the Dungeon.
You were not hungry.

You visited 1 branch of the dungeon, and saw 4 of its levels.

You collected 93 gold pieces.

Inventory:

Hand Weapons
 a - a +3 flail of protection (weapon)
Missiles
 j - 42 stones (quivered)
Armour
 d - a +0 ring mail (worn)
 g - a +0 robe
Jewellery
 c - an uncursed ring of teleportation
 e - a ring of see invisible (left hand)
Scrolls
 b - a scroll of fear {!r, unknown}
 f - 2 scrolls of magic mapping {!r}
 i - a scroll of remove curse {!r}
 k - 2 scrolls of teleportation {!r}


   Skills:
 - Level 1.5 Dodging
 - Level 1.5 Stealth
 + Level 4.8 Spellcasting
   Level 0.7 Conjurations
 * Level 4.9 Ice Magic


You had 6 spell levels left.
You knew the following spells:

 Your Spells              Type           Power        Failure   Level  Hunger
a - Freeze                Ice            ###.         4%          1    N/A
b - Ozocubu's Armour      Chrm/Ice       ##......     38%         3    N/A
c - Summon Ice Beast      Ice/Summ       ##......     80%         4    N/A

Your spell library contained the following spells:

 Spells                   Type           Power        Failure   Level  Hunger
 Throw Frost              Conj/Ice       ##....       19%         2    N/A
 Throw Icicle             Conj/Ice       ##......     75%         4    N/A

Dungeon Overview and Level Annotations

Branches:
Dungeon (4/15)
 Temple: D:4-7

Altars:
Dithmenos
Kikubaaqudgha
Makhleb
Ru
Zin

Annotations:
D:2 1 transporter
D:3 exclusion: downstairs
D:4 Menkaure


Innate Abilities, Weirdness & Mutations

You do not eat or drink.
Your flesh is vulnerable to fire.
You are immune to poison.
Your flesh is cold resistant. (rC+)
You are immune to negative energy. (rN+++)
You are immune to unholy pain and torment.
You can survive without breathing.


Message History

Your weapon exudes an aura of protection.
The phantom is moderately damaged.
The phantom hits you.
The phantom blinks!
You thump the phantom!
The phantom is heavily damaged.
The phantom barely misses you.
You hit the phantom.
The phantom is severely damaged.
The phantom hits you.
The phantom blinks!
You swing at nothing.
You barely miss the phantom.
The phantom is severely damaged.
The phantom hits you!
The phantom blinks!
You swing at nothing.
You hit the phantom.
Your weapon exudes an aura of protection.
The phantom is severely damaged.
The phantom closely misses you.
You hit the phantom but do no damage.
The phantom is severely damaged.
The phantom hits you but does no damage.
The phantom misses you.
You miss the phantom.
The phantom is severely damaged.
The phantom hits you.
You closely miss the phantom.
The phantom is severely damaged.
The phantom hits you.
* * * LOW HITPOINT WARNING * * *
The phantom blinks!
You swing at nothing.
You barely miss the phantom.
The phantom is severely damaged.
The phantom blinks!
The phantom blinks!
You closely miss the phantom.
The phantom is heavily damaged.
The phantom blinks!
You closely miss the phantom.
The phantom is heavily damaged.
The phantom hits you but does no damage.
You barely miss the phantom.
The phantom is heavily damaged.
The phantom hits you!
* * * LOW HITPOINT WARNING * * *
The phantom hits you.
* * * LOW HITPOINT WARNING * * *
You hit the phantom.
Your weapon exudes an aura of protection.
The phantom is severely damaged.
The phantom blinks!
Adjust (i)tems, (s)pells, or (a)bilities?
Adjust which item? (? for menu, Esc to quit)
Okay, then.
The phantom blinks!
Menkaure shouts!
Really read
k - 3 scrolls of teleportation {!r}?
As you read the scroll of teleportation {!r}, it crumbles to dust.
You feel strangely unstable.
Menkaure gestures wildly while chanting.
Menkaure seems to speed up.
Menkaure whispers in an indecipherable tongue.
Menkaure hits you!
You die...

+........>..# #
#.........#.#### .
####W##...#....# #
#####.##.%..###.# # #####
#.....##....#...# # ....
#.....##....#...#### #
...# +.....##...........#
# ##.#
#...M.##W..........# #
<#.#
#.##....@##..........## #
..M#
#........##....##+##....#
#### #..##.##.##....#
#### ##. #.##)##....#
#..[.##....# ####.##....#
#. #.####### #. #.# ##.##
#.#


You could see a phantom and Menkaure.

Vanquished Creatures
  Edmund (D:4)
  An orc priest (D:3)
  A hound (D:3)
  Jessica (D:2)
  A hound skeleton (D:3)
  3 adders
  An ooze (D:3)
  3 worms
  A leopard gecko (D:4)
  7 orcs (D:3)
  A ball python (D:3)
  2 bats (D:3)
  A giant cockroach (D:3)
  3 hobgoblins
  2 jackals (D:3)
  A frilled lizard (D:3)
  2 goblins (D:3)
  3 kobolds (D:3)
  6 rats
41 creatures vanquished.

Notes
Turn   | Place    | Note
-------+----------+-------------------------------------------
     0 | D:1      | Amnesiac the Mummy Ice Elementalist began the quest for the
                  | Orb.
     0 | D:1      | Reached XP level 1. HP: 13/13 MP: 4/4
   137 | D:2      | Noticed Jessica
   140 | D:2      | Killed Jessica
   140 | D:2      | Reached XP level 2. HP: 15/19 MP: 1/5
   140 | D:2      | Reached XP level 3. HP: 19/24 MP: 1/7
   145 | D:2      | Learned a level 3 spell: Ozocubu's Armour
   735 | D:2      | Found a shadowy altar of Dithmenos.
   759 | D:2      | Reached XP level 4. HP: 6/30 MP: 1/9
   765 | D:2      | Learned a level 4 spell: Summon Ice Beast
   830 | D:2      | Found a sacrificial altar of Ru.
   976 | D:2      | Noticed a centaur
   989 | D:2      | Found a transporter.
   991 | D:2      | Found a glowing silver altar of Zin.
  1012 | D:4      | Noticed Menkaure
  1355 | D:3      | Reached XP level 5. HP: 35/35 MP: 6/11
  1442 | D:3      | Found a burning altar of Makhleb.
  1843 | D:4      | Found an ancient bone altar of Kikubaaqudgha.
  1843 | D:4      | Noticed Edmund
  1900 | D:4      | Killed Edmund
  1900 | D:4      | Reached XP level 6. HP: 16/41 MP: 0/13
  2153 | D:4      | Slain by Menkaure

Vault maps used:
D:1:      kennysheep_arrival_seaside, minmay_stone_trees_medium,
          item_on_display_a
D:2:      wad_crossroads, nicolae_overflow_crystal_walls, hangedman_ru_absence,
          gammafunk_temple_overflow_arena, uniq_jessica, uniq_natasha,
          uniq_sigmund
D:3:      lightli_temple_of_fire
D:4:      lemuel_round_altar, uniq_edmund, uniq_eustachio, uniq_menkaure

Skill      XL: |  1  2  3  4 |
---------------+-------------+-----
Ice Magic      | 3 4 |  4.9
Spellcasting   | 3 4 |  4.8
Dodging        | |  1.5
Stealth        | |  1.5
Conjurations   | |  0.7

Action                   |  1- 3 |  4- 6 || total
-------------------------+-------+-------++-------
Melee: Flail             |       |    16 ||    16
 Fire: Hunting sling     |       |     7 ||     7
 Cast: Freeze            |    44 |    52 ||    96
  Use: Scroll            |       |     9 ||     9
Armor: Ring mail         |    12 |    26 ||    38
Dodge: Dodged            |    19 |    33 ||    52

Table legend:
 A = Non-vault XP
 B = Vault XP
 C = Vault XP percentage of total XP
 D = Non-vault monster count
 E = Vault monster count
 F = Vault count percentage of total count
                 A         B        C        D         E       F
            +---------+---------+-------+---------+---------+-------
      Total |     220 |     201 |  47.7 |      39 |       2 |   4.9
            +---------+---------+-------+---------+---------+-------
        D:1 |       4 |       0 |   0.0 |       3 |       0 |   0.0
        D:2 |       7 |      37 |  84.1 |       2 |       1 |  33.3
        D:3 |     192 |       0 |   0.0 |      32 |       0 |   0.0
        D:4 |      17 |     164 |  90.6 |       2 |       1 |  33.3
            +---------+---------+-------+---------+---------+-------
